 Dungeon Crawl Stone Soup version 0.21.1-1-g345015fe64 (webtiles) character file.

3559 Mrkan the Fanfare of Bloodshed (level 9, -9/93 HPs)
             Began as a Troll Monk on May 6, 2018.
             Was a Believer of Makhleb.
             Mangled by a two-headed ogre
             ... wielding a +0 giant club
              (17 damage)
             ... on level 8 of the Dungeon.
             The game lasted 00:21:50 (6550 turns).

Mrkan the Fanfare of Bloodshed (Troll Monk)         Turns: 6550, Time: 00:21:50

Health: -9/93      AC:  7    Str: 21    XL:     9   Next: 83%
Magic:  14/14      EV: 11    Int:  6    God:    Makhleb [**....]
Gold:   305        SH:  0    Dex: 18    Spells: 8/8 levels left

rFire    . . .     SeeInvis .     - Unarmed
rCold    . . .     Gourm    +   (no shield)
rNeg     . . .     Faith    .   k - +1 animal skin
rPois    .         Spirit   .   (helmet restricted)
rElec    .         Reflect  .   f - +0 cloak
rCorr    .         Harm     .   (gloves unavailable)
MR       .....                  (boots unavailable)
Stlth    ++........             e - amulet of rage
HPRegen  0.65/turn              y - +3 ring of dexterity
MPRegen  0.14/turn              (no ring)

@: no status effects
A: large, unfitting armour, claws 3, fast metabolism 3, gourmand, regeneration
1, shaggy fur 1, tough skin 2
a: Minor Destruction, Renounce Religion, Evoke Berserk Rage


You were on level 8 of the Dungeon.
You worshipped Makhleb.
Makhleb was pleased with you.
You were very full.

You visited 1 branch of the dungeon, and saw 8 of its levels.

You collected 370 gold pieces.
You spent 65 gold pieces at shops.

Inventory:

Armour
 a - a +0 robe
 f - a +0 cloak (worn)
 k - a +1 animal skin (worn)
Jewellery
 e - an amulet of rage (around neck)
 h - an uncursed ring of magical power
 y - a +3 ring of dexterity (left claw)
Wands
 j - a wand of polymorph (18)
 x - a wand of clouds (8)
 z - a wand of iceblast (10)
Scrolls
 c - a scroll of immolation
 g - 3 scrolls of identify
 l - 2 scrolls of teleportation {unknown}
 m - 2 scrolls of enchant weapon
 o - a scroll of blinking {unknown}
 r - a scroll of noise {unknown}
 s - 2 scrolls of remove curse {unknown}
 u - a scroll of enchant armour
 v - a scroll of magic mapping {unknown}
 B - 2 scrolls of fog
 C - 2 scrolls of amnesia {unknown}
Potions
 d - 2 potions of haste
 n - a potion of brilliance {unknown}
 q - a potion of cancellation {unknown}
 t - a potion of invisibility {unknown}
 A - a potion of curing {unknown}
Comestibles
 b - 11 rations


   Skills:
 - Level 7.1 Fighting
 - Level 2.4 Dodging
 - Level 1.0 Stealth
 - Level 7.0 Unarmed Combat
 * Level 9.0 Invocations


You had 8 spell levels left.
You didn't know any spells.

Dungeon Overview and Level Annotations

Branches:
Dungeon (8/15)             Temple (0/1) D:5
   Lair: D:8-11

Altars:
Ashenzari
Cheibriados
Dithmenos
Fedhas
Makhleb
Nemelex Xobeh
Qazlal
Uskayaw
Vehumet
Zin

Shops:
D:5 !

Annotations:
D:2 2 transporters
D:4 exclusion: statue
D:5 1 runed door


Innate Abilities, Weirdness & Mutations

You are too large for most types of armour.
You have claws for hands.
Your metabolism is lightning-fast.
You like to eat raw meat.
Your natural rate of healing is unusually fast.
You are covered in fur. (AC +1)
You have very tough skin. (AC +2)


Message History

You see here a potion of haste.
You see here a giant club.
You see here a hippogriff corpse.
The two-headed ogre barely misses you.
The two-headed ogre hits you with a giant club!
You mangle the two-headed ogre!!
The two-headed ogre is moderately wounded.
You claw the two-headed ogre!
The two-headed ogre is heavily wounded.
The two-headed ogre hits you with a giant club!
The two-headed ogre hits you with a giant club!!
* * * LOW HITPOINT WARNING * * *
You see here a hippogriff corpse.
The two-headed ogre closely misses you. The two-headed ogre barely misses you.
A two-headed ogre comes into view.
It is wielding a giant club and a giant spiked club.
The two-headed ogre shouts in stereo!
You hear an angry hiss.
There is a stone staircase leading down here.
The bullfrog hits you but does no damage.
The two-headed ogre hits you with a giant club!
You die...

......#########
#.....)!).†.#
#....######.#
##+#.######.##
.............#
..............#
...............#
............FO.#
.............@.#
...............#
:..............#
............O..#
...>..Z........#
...a..?<.......#
...............#
...............#
...............#


You could see 2 two-headed ogres, a bullfrog and a killer bee zombie
(wandering).

Vanquished Creatures
  A two-headed ogre (D:8)
  The ghost of Mrkan the Chopper, an amateur HOMo of Beogh (D:6)
  Grinder (D:3)
  A hippogriff (D:8)
  Sigmund (D:3)
  Purgy (D:3)
  2 ogres
  2 phantoms
  2 bullfrogs
  A wyvern skeleton (D:6)
  3 scorpions
  6 killer bees (D:7)
  A centaur zombie (D:5)
  A crimson imp (D:5)
  A centaur skeleton (D:4)
  2 hounds
  An orc priest (D:5)
  A bullfrog skeleton (D:6)
  11 orc wizards
  Crazy Yiuf (D:2)
  2 iguanas
  Ijyb (D:3)
  Natasha (thrice) (D:3)
  7 worker ants
  A hound zombie (D:8)
  A hound skeleton (D:7)
  Robin (D:2)
  A howler monkey skeleton (D:4)
  9 adders
  3 gnolls (D:6)
  An ooze (D:3)
  A worm (D:5)
  A dart slug (D:3)
  2 leopard geckos
  18 orcs
  10 bats
  3 giant cockroaches
  10 goblins
  7 hobgoblins
  13 jackals
  5 quokkas
  A ball python (D:1)
  8 frilled lizards
  A jackal skeleton (D:4)
  9 kobolds
  A quokka zombie (D:6)
  5 rats
166 creatures vanquished.

Notes
Turn   | Place    | Note
-------+----------+-------------------------------------------
     0 | D:1      | Mrkan the Troll Monk began the quest for the Orb.
     0 | D:1      | Reached XP level 1. HP: 22/22 MP: 0/0
   131 | D:1      | Reached XP level 2. HP: 29/29 MP: 1/1
   630 | D:2      | Reached XP level 3. HP: 36/36 MP: 2/2
   665 | D:2      | Found a sparkling altar of Nemelex Xobeh.
   724 | D:2      | Found a snail-covered altar of Cheibriados.
   783 | D:2      | Found a shadowy altar of Dithmenos.
  1045 | D:2      | Found a hide-covered altar of Uskayaw.
  1047 | D:2      | Noticed a phantom
  1050 | D:2      | Found a transporter.
  1064 | D:2      | Found a transporter.
  1110 | D:2      | Found a runed door.
  1130 | D:2      | Noticed Robin
  1153 | D:2      | Killed Robin
  1224 | D:2      | Reached XP level 4. HP: 44/44 MP: 3/3
  1304 | D:2      | Reached skill level 5 in Unarmed Combat
  1399 | D:2      | Noticed Crazy Yiuf
  1408 | D:2      | Killed Crazy Yiuf
  1528 | D:3      | Noticed Grinder
  1529 | D:3      | Paralysed by Grinder for 2 turns
  1547 | D:3      | Paralysed by Grinder for 3 turns
  1562 | D:3      | Killed Grinder
  1562 | D:3      | Reached XP level 5. HP: 6/50 MP: 4/4
  1562 | D:3      | Reached XP level 6. HP: 7/59 MP: 5/5
  1725 | D:3      | Noticed Ijyb
  1729 | D:3      | Found a blossoming altar of Fedhas.
  1750 | D:3      | Killed Ijyb
  1885 | D:3      | Noticed Natasha
  1895 | D:3      | Killed Natasha
  1917 | D:3      | Found a sparkling altar of Nemelex Xobeh.
  2010 | D:3      | Noticed Sigmund
  2078 | D:3      | Killed Sigmund
  2078 | D:3      | Reached XP level 7. HP: 59/70 MP: 6/6
  2338 | D:3      | Noticed Purgy
  2346 | D:3      | Killed Purgy
  2379 | D:3      | Noticed Natasha
  2399 | D:3      | Killed Natasha
  2574 | D:3      | Noticed Natasha
  2586 | D:3      | Killed Natasha
  2586 | D:3      | Reached skill level 5 in Fighting
  2778 | D:4      | Found a radiant altar of Vehumet.
  3223 | D:4      | Reached XP level 8. HP: 82/83 MP: 7/7
  3434 | D:4      | Found a shattered altar of Ashenzari.
  3669 | D:5      | Entered Level 5 of the Dungeon
  3697 | D:5      | Found Pymmev's Distillery.
  3700 | D:5      | Bought a potion of heal wounds for 65 gold pieces
  3801 | D:5      | Found a glowing silver altar of Zin.
  3801 | D:5      | Noticed an angel
  3810 | D:5      | Found a runed door.
  3872 | D:5      | Found a burning altar of Makhleb.
  3882 | D:5      | Became a worshipper of Makhleb the Destroyer
  3882 | D:5      | Reached * piety under Makhleb
  3882 | D:5      | Reached ** piety under Makhleb
  3966 | D:5      | Found a staircase to the Ecumenical Temple.
  4096 | D:5      | You fall through a shaft for 2 floors!
  4197 | D:7      | Reached skill level 1 in Invocations
  4216 | D:7      | Reached skill level 2 in Invocations
  4370 | D:7      | Reached skill level 3 in Invocations
  4380 | D:7      | Reached skill level 4 in Invocations
  4940 | D:6      | Noticed Mrkan's ghost (amateur HOMo)
  4965 | D:6      | Killed Mrkan's ghost
  4965 | D:6      | Reached skill level 5 in Invocations
  4965 | D:6      | Reached XP level 9. HP: 83/93 MP: 10/12
  5230 | D:6      | Reached skill level 6 in Invocations
  5937 | D:5      | Found a stormy altar of Qazlal.
  6480 | D:8      | Noticed a two-headed ogre
  6497 | D:8      | Reached skill level 7 in Invocations
  6523 | D:8      | Noticed a two-headed ogre
  6523 | D:8      | Killed a two-headed ogre
  6523 | D:8      | Reached skill level 8 in Invocations
  6529 | D:8      | Reached skill level 9 in Invocations
  6540 | D:8      | HP: 1/93 [two-headed ogre/giant club (29)]
  6548 | D:8      | Noticed a two-headed ogre
  6550 | D:8      | Mangled by a two-headed ogre

Skill      XL: |  1  2  3  4  5  6  7  8  9 |
---------------+----------------------------+-----
Unarmed Combat | 4 7 |  7.0
Fighting       | 4 6 7 |  7.1
Invocations    | 5 9 |  9.0
Dodging        | |  2.4
Stealth        | |  1.0

Action                   |  1- 3 |  4- 6 |  7- 9 || total
-------------------------+-------+-------+-------++-------
Melee: Unarmed           |   103 |    85 |   322 ||   510
       Punch             |       |     1 |    16 ||    17
 Abil: Evoke Berserk Rag |       |       |     1 ||     1
Evoke: Wand              |       |       |     3 ||     3
  Use: Scroll            |       |     3 |     6 ||     9
       Potion            |       |       |     2 ||     2
 Stab: Sleeping          |     2 |     2 |     3 ||     7
  Eat: Chunk             |    17 |     7 |    41 ||    65
Armor: Robe              |    44 |       |       ||    44
       Animal skin       |     1 |    23 |   117 ||   141
       Skin              |       |     1 |     5 ||     6
Dodge: Dodged            |    64 |    36 |   162 ||   262
